AoeStats
← Rjscarton

Arena

507977855Analyzed
4v4 RM · 12d ago on Sep 20, 2026· 59m 23s· 8 players
Game mode
Random Map
Map size
Large (8 player)
Population
200
Speed
Normal
Resources
Standard
Victory
Conquest
Starting age
Dark Age
Ending age
Imperial Age
RankedLock teamsTeams togetherTeam positionsShared explorationLock speedFull tech treeHidden civsTurbo modeCheats
Victory
Defeat
🇮🇳 Portuguese · India
981
+12
🇨🇱 Bohemians · Chile
912
+15
🇨🇳 Magyars · China
907
+15
🇻🇳 Teutons · Vietnam
899
+16
🇫🇷 Britons · France
982
-18
🇦🇷 Khmer · Argentina
883
-14
🇭🇺 Inca · Hungary
876
-14
🇩🇪 Lithuanians · Germany
826
-12
Rjscarton
11:16 Feudal Age
16:37 Castle Age
15:59 Double-Bit Axe
15:55 Horse Collar
24:34 Wheelbarrow
23:46 Loom
23:50 Town Watch
26:17 Hand Cart
26:05 Town Patrol
26:35 Pikeman
27:16 Squires
27:01 Arson
28:09 Forging
32:06 Imperial Age
30:32 Elite Skirmisher
31:19 Padded Archer Armor
31:09 Fletching
31:55 Iron Casting
31:20 Scale Mail Armor
32:29 Leather Archer Armor
35:24 Chemistry
34:46 Ballistics
34:51 Bow Saw
38:48 Ring Archer Armor
38:14 Bodkin Arrow
39:21 Blast Furnace
38:37 Chain Mail Armor
38:38 Halberdier
39:59 Husbandry
39:20 Light Cavalry
41:49 Two-Man Saw
42:08 Heavy Plow
44:38 Bracer
45:09 Plate Mail Armor
44:43 Houfnice
46:02 Conscription
45:52 Wagenburg Tactics
48:19 Scale Barding Armor
55:33 Chain Barding Armor
55:16 Caravan
55:46 Coinage
55:26 Guilds
55:28 Hussite Reforms
54:54 Sappers
58:06 Elite Hussite Wagon
58:10 Cavalier
59:10 Siege Engineers
58:46 Treadmill Crane
OK旺仔
11:04 Feudal Age
12:12 Double-Bit Axe
15:24 Castle Age
14:33 Horse Collar
18:45 Bow Saw
23:04 Wheelbarrow
25:16 Loom
26:27 Hand Cart
27:23 Heavy Plow
27:14 Gold Mining
27:15 Stone Mining
29:04 Gold Shaft Mining
31:42 Imperial Age
31:43 Fletching
31:54 Padded Archer Armor
32:18 Ballistics
34:10 Two-Man Saw
33:41 Crop Rotation
33:08 Bodkin Arrow
33:28 Leather Archer Armor
34:15 Chemistry
34:32 Parthian Tactics
34:13 Thumb Ring
33:29 Heavy Cavalry Archer
35:21 Bloodlines
35:11 Husbandry
35:35 Recurve Bow
36:18 Conscription
36:34 Ring Archer Armor
36:04 Bracer
35:27 Light Cavalry
36:51 Scale Barding Armor
36:53 Siege Engineers
38:26 Chain Barding Armor
37:33 Hussar
38:33 Murder Holes
38:19 Treadmill Crane
40:25 Plate Barding Armor
44:50 Scale Mail Armor
45:04 Masonry
52:44 Cavalier
NaBhai
9:13 Loom
11:09 Feudal Age
15:08 Castle Age
13:56 Double-Bit Axe
13:52 Horse Collar
16:10 Bow Saw
16:00 Heavy Plow
16:06 Heavy Plow
22:39 Wheelbarrow
23:41 Gold Mining
23:48 Stone Mining
25:08 Hand Cart
28:17 Stone Shaft Mining
30:50 Imperial Age
29:07 Fletching
29:18 Padded Archer Armor
29:26 Loom
29:27 Town Watch
29:43 Bodkin Arrow
30:12 Ballistics
30:16 Arson
31:04 Elite Organ Gun
33:10 Two-Man Saw
32:15 Bracer
33:01 Conscription
32:31 Pikeman
33:12 Scale Mail Armor
33:23 Forging
33:45 Halberdier
34:44 Chain Mail Armor
35:05 Iron Casting
36:44 Plate Mail Armor
37:15 Blast Furnace
36:31 Leather Archer Armor
36:44 Husbandry
36:55 Bloodlines
37:28 Crop Rotation
42:40 Scale Barding Armor
43:08 Ring Archer Armor
43:40 Chemistry
44:49 Light Cavalry
45:51 Chain Barding Armor
47:20 Plate Barding Armor
50:11 Cavalier
55:28 Capped Ram
ScottVector
12:11 Loom
14:03 Feudal Age
14:53 Double-Bit Axe
14:50 Horse Collar
21:29 Castle Age
20:58 Stone Mining
26:09 Squires
29:15 Pikeman
30:46 Heavy Plow
31:13 Forging
31:03 Scale Mail Armor
31:13 Forging
31:03 Scale Mail Armor
31:13 Forging
38:00 Gold Mining
42:09 Bow Saw
43:21 Stone Shaft Mining
46:04 Imperial Age
45:29 Iron Casting
44:54 Scale Mail Armor
45:29 Iron Casting
44:54 Scale Mail Armor
45:29 Iron Casting
45:13 Caravan
46:28 Wheelbarrow
45:40 Loom
45:40 Town Watch
47:56 Blast Furnace
47:11 Chain Mail Armor
47:57 Blast Furnace
48:06 Two-Man Saw
47:47 Crop Rotation
47:20 Capped Ram
49:12 Ironclad
48:52 Elite Teutonic Knight
50:28 Hand Cart
50:53 Conscription
51:10 Guilds
58:02 Chain Mail Armor
60:55 Chemistry
60:15 Ballistics
59:46 Heated Shot
59:45 Arson
59:45 Gambesons
60:33 Plate Mail Armor
Donald Trump
11:05 Feudal Age
12:27 Feudal Age
16:29 Castle Age
14:20 Horse Collar
14:28 Double-Bit Axe
15:21 Loom
18:46 Heavy Plow
19:00 Bow Saw
26:41 Fletching
26:51 Padded Archer Armor
31:54 Imperial Age
29:48 Gold Mining
30:49 Bodkin Arrow
31:42 Ballistics
33:17 Bracer
34:00 Elite Longbowman
37:45 Yeomen
38:38 Pikeman
40:12 Halberdier
41:34 Forging
41:25 Scale Mail Armor
48:55 Elite Skirmisher
50:31 Leather Archer Armor
THEAVENGR
11:17 Feudal Age
12:25 Double-Bit Axe
14:55 Castle Age
15:40 Champi Runner
19:41 Loom
21:31 Horse Collar
22:04 Bow Saw
22:12 Bow Saw
22:25 Town Watch
23:00 Arson
23:34 Gold Mining
25:01 Wheelbarrow
25:11 Heavy Plow
25:54 Forging
25:45 Scale Mail Armor
26:02 Champi Warrior
26:43 Squires
27:32 Stone Mining
29:23 Iron Casting
29:03 Chain Mail Armor
29:06 Caravan
28:42 Pikeman
30:36 Gold Shaft Mining
31:08 Hand Cart
31:32 Stone Shaft Mining
34:54 Imperial Age
34:18 Treadmill Crane
34:34 Murder Holes
34:50 Masonry
35:01 Ballistics
34:52 Fortified Wall
34:33 Guard Tower
34:46 Town Patrol
36:32 Crop Rotation
36:35 Conscription
36:52 Hoardings
36:15 Fletching
36:56 Plate Mail Armor
36:42 Onager
37:05 Onager
39:51 Chemistry
39:28 Keep
38:38 Arrowslits
42:53 Siege Engineers
44:28 Crossbowman
45:13 Thumb Ring
45:54 Bodkin Arrow
46:00 Padded Archer Armor
45:28 Arbalester
46:58 Bracer
48:16 Bracer
52:21 Leather Archer Armor
Pjoddiboy
4:52 Loom
12:06 Feudal Age
17:35 Castle Age
15:29 Double-Bit Axe
15:27 Horse Collar
15:59 Scale Barding Armor
16:07 Stone Mining
16:17 Gold Mining
19:24 Chain Barding Armor
20:23 Bow Saw
20:15 Heavy Plow
23:22 Bloodlines
25:29 Fletching
26:27 Light Cavalry
27:08 Husbandry
27:19 Bloodlines
27:13 Husbandry
29:05 Wheelbarrow
30:25 Murder Holes
30:51 Ballistics
31:09 Hand Cart
34:25 Imperial Age
33:41 Bodkin Arrow
33:46 Padded Archer Armor
33:58 Forging
33:48 Scale Mail Armor
34:09 Thumb Ring
33:26 Elite Skirmisher
35:35 Crop Rotation
35:34 Conscription
35:13 Crossbowman
35:36 Capped Ram
38:00 Chemistry
38:30 Leather Archer Armor
38:16 Bracer
38:58 Tower Shields
41:10 Light Cavalry
42:30 Plate Barding Armor
42:42 Iron Casting
42:33 Town Watch
44:31 Ring Archer Armor
44:25 Heavy Cavalry Archer
46:04 Chain Mail Armor
45:46 Onager
47:48 Guilds
53:44 Fortified Wall
54:00 Bombard Tower
53:52 Masonry
59:14 Two-Man Saw
diegotapia
10:06 Feudal Age
10:55 Double-Bit Axe
17:47 Castle Age
17:09 Stone Mining
20:25 Bow Saw
19:58 Horse Collar
27:31 Heavy Plow
28:51 Wheelbarrow
30:02 Stone Shaft Mining
29:22 Gold Mining
30:17 Hand Cart
31:38 Herbal Medicine
34:49 Imperial Age
32:58 Padded Archer Armor
32:49 Fletching
34:52 Scale Barding Armor
34:57 Forging
35:22 Bloodlines
35:10 Cavalier
38:56 Iron Casting
38:37 Husbandry
42:23 Chain Barding Armor
43:46 Blast Furnace
45:07 Plate Barding Armor
46:04 Bodkin Arrow
45:44 Light Cavalry
46:25 Town Watch
46:26 Loom
51:35 Hussar
53:30 Town Patrol
56:29 Bracer
57:41 Gold Shaft Mining
Connection lost

Rejoining the realm…

Still unreachable

The connection could not be restored.

Session expired

The server has moved on; the page needs a fresh start.